 Dungeon Crawl Stone Soup version 0.32-a0-938-g40ac7a0f4d (webtiles) character file.

Game seed: 9724388461411523420

595 Autsider the Shooter (level 7, -3/35 HPs)
             Began as a Spriggan Hunter on Apr 15, 2024.
             Was an Initiate of Fedhas.
             Succumbed to a kobold brigand's curare-tipped dart
             ... on level 6 of the Dungeon.
             The game lasted 00:10:57 (3953 turns).

Autsider the Shooter (Spriggan Hunter)              Turns: 3953, Time: 00:10:57

Health: -3/35      AC:  2    Str:  7    XL:     7   Next: 17%
Magic:  8/8        EV: 17    Int: 11    God:    Fedhas [......]
Gold:   278        SH:  0    Dex: 20    Spells: 6/6 levels left

rFire   . . .        C - +0 arbalest
rCold   . . .        (shield currently unavailable)
rNeg    . . .        c - +0 robe
rPois   .            (helmet restricted)
rElec   .            (no cloak)
rCorr   .            (gloves unavailable)
SInv    +            (boots unavailable)
Will    +....        (no amulet)
Stlth   +++          (no ring)
HPRegen 0.25/turn    (no ring)
MPRegen 0.11/turn

%: no passive effects
@: lethally poisoned (-3 -> -23), slowed, quick
A: very small, no large weapons, unfitting armour, see invisible, speed 3
a: Renounce Religion


You were on level 6 of the Dungeon.
You worshipped Fedhas.
Fedhas was noncommittal.
You visited 2 branches of the dungeon, and saw 7 of its levels.

You collected 278 gold pieces.

Inventory:

Hand Weapons
 a - a +0 shortbow
 o - a +1 dagger of protection
 C - a +0 arbalest (weapon)
Missiles
 g - 6 poisoned darts
 u - 3 boomerangs
 x - 2 throwing nets
Armour
 c - a +0 robe (worn)
Jewellery
 f - a +6 ring of intelligence
 h - a ring of resist corrosion
 j - an amulet of magic regeneration
 m - a ring of protection from cold
Talismans
 l - a beast talisman
Wands
 t - a wand of charming (11)
 v - a wand of quicksilver (6)
Scrolls
 b - a scroll of butterflies
 d - a scroll of brand weapon
 n - a scroll of teleportation {@r2}
 p - 2 scrolls of fog {unknown}
 r - a scroll of poison {unknown}
 w - a scroll of blinking {unknown}
 y - a scroll of enchant weapon {unknown}
 B - a scroll of silence {unknown}
Potions
 e - a potion of degeneration {unknown}
 i - 2 potions of might
 k - a potion of enlightenment {unknown}
 q - a potion of heal wounds {@q2}
 s - a potion of brilliance {unknown}
 z - 2 potions of mutation {unknown}
 A - a potion of attraction {unknown}


   Skills:
 - Level 2.0 Fighting
 * Level 7.8 Ranged Weapons
 - Level 3.0 Dodging
 - Level 5.2 Stealth
 + Level 1.0 Invocations


You had 6 spell levels left.
You didn't know any spells.
Your spell library was empty.

Dungeon Overview and Level Annotations

Branches:
Dungeon (6/15)             Temple (1/1) D:5

Altars:
Ashenzari
Cheibriados
Dithmenos
Elyvilon
Fedhas
Gozag
Kikubaaqudgha
Makhleb
Okawaru
Qazlal
Sif Muna
Trog
Uskayaw
Wu Jian
Xom
Yredelemnul
Zin
The Shining One

Annotations:
D:3 exclusion: 2 downstairs
D:4 exclusion: downstairs
D:5 Eustachio


Innate Abilities, Weirdness & Mutations

You are very small and have problems with some larger weapons.
You are too small for most types of armour.
You have supernaturally acute eyesight. (SInv)
You cover ground extremely quickly. (Speed+++)


Message History

The kobold brigand throws a curare-tipped dart.
The curare-tipped dart barely misses you.
* * * LOW HITPOINT WARNING * * *
You feel very sick.
Fire: C) +0 arbalest
Press: ? - help, Shift-Dir - straight line, f/p - kobold brigand
Aim: a kobold brigand, wielding a +0 short sword and quivering curare-tipped darts (severely wounded, 55% to hit)
You shoot a bolt. The bolt misses the kobold brigand.
The bolt hits the kobold!!
You kill the kobold!
Fedhas appreciates your contribution to the ecosystem.
* * * LOW HITPOINT WARNING * * *
You feel very sick.
Fire: C) +0 arbalest
Press: ? - help, Shift-Dir - straight line, f/p - kobold brigand
Aim: a kobold brigand, wielding a +0 short sword and quivering curare-tipped darts (severely wounded, 55% to hit)
You shoot a bolt. The bolt hits the kobold brigand!
The kobold brigand is almost dead.
* * * LOW HITPOINT WARNING * * *
You feel very sick.
The kobold brigand hits you with a +0 short sword.
* * * LOW HITPOINT WARNING * * *
It was a potion of heal wounds.
You feel much better.
You feel sick.
The kobold brigand hits you with a +0 short sword.
* * * LOW HITPOINT WARNING * * *
The kobold brigand hits you with a +0 short sword.
* * * LOW HITPOINT WARNING * * *
You feel sick.
You feel sick.
You feel sick.
You are no longer poisoned.
There is an open door here.
The kobold brigand throws a curare-tipped dart.
The curare-tipped dart hits you.
You are lethally poisoned!
You have difficulty breathing.
* * * LOW HITPOINT WARNING * * *
You feel as though you will be slow longer.
You die...
Fedhas appreciates your contribution to the ecosystem.

################
#..#......#....#
#..+......#....#
#..#......#....#
#..#......#....#
#..###....##>.####
#..###....##[.#..#
#.<.......#......#
#.......@.'......#
#.........#.K....#
#...#..#..##o....# ##
########..##....######...
...######..#..#...
#..................
##..#...........#..
####.....###)###.# #.....
##.###.#


You could see a kobold brigand.

Vanquished Creatures
  Grinder (D:4)
  A hound (D:5)
  2 bombardier beetles (D:4)
  2 orc priests (D:4)
  2 jellies
  2 orc wizards
  Ijyb (D:3)
  2 adders
  3 gnolls (D:4)
  A white imp (D:6)
  3 dart slugs
  10 orcs
  4 ball pythons
  A bat (D:3)
  3 endoplasms
  7 giant cockroaches
  5 hobgoblins
  4 jackals
  8 kobolds
  3 quokkas
  5 goblins
  4 rats (D:2)
74 creatures vanquished.

Notes
Turn   | Place    | Note
-------+----------+-------------------------------------------
     0 | D:1      | Autsider the Spriggan Hunter began the quest for the Orb.
     0 | D:1      | Reached XP level 1. HP: 10/10 MP: 2/2
   302 | D:1      | Reached XP level 2. HP: 14/14 MP: 3/3
  1222 | D:2      | Reached XP level 3. HP: 18/18 MP: 4/4
  1252 | D:2      | Found a faded altar of an unknown god.
  1772 | D:3      | Found an iron altar of Okawaru.
  1949 | D:3      | Reached skill level 5 in Ranged Weapons
  1949 | D:3      | Reached XP level 4. HP: 22/22 MP: 5/5
  1995 | D:3      | Noticed Ijyb
  2043 | D:3      | Killed Ijyb
  2448 | D:4      | Reached XP level 5. HP: 25/25 MP: 6/6
  2719 | D:5      | Entered Level 5 of the Dungeon
  2719 | D:5      | Noticed a water moccasin
  2772 | D:4      | Reached skill level 6 in Ranged Weapons
  2772 | D:4      | Reached skill level 5 in Stealth
  2817 | D:4      | Found an opulent altar of Gozag.
  3011 | D:4      | Reached XP level 6. HP: 30/30 MP: 7/7
  3036 | D:4      | Noticed Grinder
  3392 | D:4      | Killed Grinder
  3393 | D:4      | Reached skill level 7 in Ranged Weapons
  3543 | D:5      | Found a staircase to the Ecumenical Temple.
  3552 | Temple   | Entered the Ecumenical Temple
  3564 | Temple   | Became a worshipper of Fedhas Madash
  3642 | D:5      | Reached XP level 7. HP: 31/35 MP: 8/8
  3756 | D:5      | Noticed Eustachio
  3906 | D:6      | Reached skill level 1 in Invocations
  3946 | D:6      | HP: 1/35 [kobold brigand/+0 short sword (3)]
  3953 | D:6      | Succumbed to a kobold brigand's curare-tipped dart

Illustrated notes

Levels and vault maps discovered:
D:1:      minmay_arrival_jagged, layout_loops_cross
D:2:      layout_basic, dreamdust_ecumenical_altar_angels_and_demons
D:3:      layout_basic, overflow_temple_1_default, grunt_ministairs_1, uniq_ijyb
D:4:      layout_cave_pools, lemuel_tele_altar, uniq_grinder
D:5:      layout_basic, overflow_temple_1_default,
          minmay_temple_entry_drinking_statues, uniq_eustachio, uniq_menkaure
D:6:      layout_gridville
Temple:   nicolae_temple_superstar

Skill      XL: |  1  2  3  4  5  6  7 |
---------------+----------------------+-----
Stealth        | 2 3 4 5 |  5.2
Ranged Weapons | 5 6 7 |  7.8
Dodging        | 3 |  3.0
Fighting       | 2 |  2.0
Invocations    | 1 |  1.0

Action                     |  1- 3 |  4- 6 |  7- 9 || total
---------------------------+-------+-------+-------++-------
  Melee: Shortbow          |       |     2 |       ||     2
   Fire: Shortbow          |    97 |   139 |    33 ||   269
         Arbalest          |       |       |    12 ||    12
    Use: Scroll            |     2 |     1 |       ||     3
         Potion            |       |       |     1 ||     1
 Armour: Robe              |     5 |    27 |    19 ||    51
  Dodge: Dodged            |    17 |    34 |    33 ||    84

Table legend: (Time is in decaauts)
 A = Elapsed time spent in this place.
 B = Non-inter-level travel time spent in this place.
 C = Inter-level travel time spent in this place.
 D = Time resting spent in this place.
 E = Time spent auto-exploring this place.
 F = Levels seen in this place.
 G = Mean time per level.
                   A        B        C        D        E       F      G
               +--------+--------+--------+--------+--------+-----+--------+
         Total |   2777 |   2591 |    186 |    314 |   1646 |   7 |  396.7 |
       Dungeon |   2761 |   2589 |    172 |    314 |   1646 |   6 |  460.2 |
        Temple |     15 |      1 |     14 |      0 |      0 |   1 |   15.0 |
               +--------+--------+--------+--------+--------+-----+--------+

Top non-repeatable levels by time:
     D:3: 742 daAuts
     D:4: 707 daAuts
     D:1: 501 daAuts
     D:2: 499 daAuts
     D:5: 217 daAuts
     D:6: 93 daAuts
  Temple: 15 daAuts
